 Dungeon Crawl Stone Soup version 0.24.1 (webtiles) character file.

Game seed: 3373319714458911228, levelgen mode: deterministic

19996 Curus the Spry (level 12, -2/157 HPs)
             Began as a Merfolk Gladiator on Apr 5, 2020.
             Was a High Priest of Trog.
             Slain by a seven-headed hydra simulacrum (13 damage)
             ... on level 4 of the Lair of Beasts.
             The game lasted 01:11:07 (11784 turns).

Curus the Spry (Merfolk Gladiator)                 Turns: 11784, Time: 01:11:07

Health: -2/157     AC: 13    Str: 19    XL:     12   Next: 74%
Magic:  15/15      EV: 27    Int: 14    God:    Trog [*****.]
Gold:   750        SH:  5    Dex: 20    Spells: 11/11 levels left

rFire    + . .     SeeInvis .   a - +1 trident
rCold    . . .     Gourm    .   (no shield)
rNeg     . . .     Faith    .   z - +0 troll leather armour
rPois    .         Spirit   .   c - +0 helmet
rElec    .         Reflect  +   O - +2 cloak {rF+}
rCorr    .         Harm     .   D - +0 pair of gloves
MR       +....                  h - +1 pair of boots
Stlth    ..........             H - +5 amulet of reflection
HPRegen  0.76/turn              L - +6 ring of intelligence
MPRegen  0.14/turn              u - ring of protection from magic

@: berserking, very quick
A: change form in water, swift swim, stealthy swim, repulsion field 1, thin
metallic scales 1, blurry vision 1
a: Berserk, Trog's Hand, Brothers in Arms, Renounce Religion


You were on level 4 of the Lair of Beasts.
You worshipped Trog.
Trog was extremely pleased with you.
You were very hungry.

You visited 2 branches of the dungeon, and saw 13 of its levels.
You also visited: Volcano.

You collected 880 gold pieces.
You spent 130 gold pieces at shops.

Inventory:

Hand Weapons
 a - a +1 trident (weapon)
 S - a +2 bardiche of venom
Missiles
 d - 6 throwing nets (quivered)
Armour
 b - a +0 leather armour
 c - a +0 helmet (worn)
 h - a +1 pair of boots (worn)
 q - a scarf of spirit shield
 s - a +0 pair of gloves
 z - a +0 troll leather armour (worn)
 D - a +0 pair of gloves (worn)
 N - a scarf of repulsion
 O - a +2 cloak of fire resistance (worn)
 R - a +3 leather armour of fire resistance
Jewellery
 j - an uncursed ring of positive energy
 l - an uncursed ring of attention
 r - an uncursed amulet of the gourmand
 u - a ring of protection from magic (right hand)
 C - an uncursed amulet of harm
 H - a +5 amulet of reflection (around neck)
 K - a -2 ring of strength
 L - a +6 ring of intelligence (left hand)
Wands
 v - a wand of iceblast (15)
 x - a wand of polymorph (19)
 y - a wand of flame (22)
 E - a wand of acid (10)
 F - a wand of clouds (6)
 J - a wand of random effects (19)
 P - a wand of enslavement (4)
Scrolls
 e - a scroll of fog
 g - 7 scrolls of teleportation
 k - 4 scrolls of identify
 m - 3 scrolls of magic mapping
 t - 3 scrolls of remove curse
 I - a scroll of fear
Potions
 i - a potion of agility
 n - a potion of degeneration
 o - 2 potions of might
 p - 9 potions of curing
 w - 5 potions of brilliance
 A - 2 potions of heal wounds
 B - a potion of flight
 G - 2 potions of resistance
 M - a potion of haste
 Q - a potion of berserk rage
Comestibles
 f - 15 rations


   Skills:
 + Level 13.4 Fighting
 - Level 14.0 Polearms
 - Level 2.0 Throwing
 + Level 15.8 Dodging
 - Level 4.6 Evocations


You had 11 spell levels left.
You didn't know any spells.
Your spell library was empty.

Dungeon Overview and Level Annotations

Branches:
Dungeon (9/15)             Temple (0/1) D:5            Lair (4/6) D:9
 Shoals (0/4) Lair:4        Snake (0/4) Lair:3          Orc (0/2) D:9
Volcano (visited)

Altars:
Cheibriados
Fedhas
Hepliaklqana
Makhleb
Trog
Wu Jian
Xom
Beogh

Shops:
D:5 !

Annotations:
Lair:4 Fifowuza's ghost, journeyman DrTm


Innate Abilities, Weirdness & Mutations

You revert to your normal form in water.
You are very nimble and swift while swimming.
You are very stealthy in the water. (Stealth+)
You are surrounded by a mild repulsion field. (EV +2)
You are partially covered in thin metallic scales. (AC +2)
Scrolls take you a little longer to read.


Message History

The seven-headed hydra simulacrum bites you.
The seven-headed hydra simulacrum freezes you!
The seven-headed hydra simulacrum completely misses you. x2
You hit Fifowuza's ghost.
Fifowuza's ghost is moderately damaged.
You barely miss Fifowuza's ghost.
Fifowuza's ghost is moderately damaged.
You block Fifowuza's ghost's attack.
You puncture Fifowuza's ghost!
Fifowuza's ghost is heavily damaged.
The seven-headed hydra simulacrum completely misses you.
The seven-headed hydra simulacrum bites you.
The seven-headed hydra simulacrum freezes you!!
The seven-headed hydra simulacrum bites you!
The seven-headed hydra simulacrum freezes you!!
* * * LOW HITPOINT WARNING * * *
The seven-headed hydra simulacrum bites you.
* * * LOW HITPOINT WARNING * * *
The seven-headed hydra simulacrum freezes you!
You die...

## ###........# ##. # ##.......#
## # ###P....### # # ##....#.# #
###.....## #..b.....### #######
##....b.....### #.#.#.#
##............P# ####### .....##
#P..###'@W###..####..P#.#
......###P.##b..Z...##..#.......Z
......P.#..#...bb..b.##.....Z###.
........#.##...b...Z..#......# ##
..........#...####....##....## #.
.........##..##:[###...#....P###.
...#.....#..# ...$.##..#....###..
....#....#..# ..=...#..#....P###.
...###...#..# .....#..##....# #.


You could see Fifowuza's ghost, a basilisk simulacrum and a seven-headed hydra
simulacrum.

Vanquished Creatures
  A red draconian (Volcano)
  Harold (D:8)
  2 hydras
  A centaur warrior (Volcano)
  Joseph (D:8)
  2 black mambas (Lair:4)
  7 spiny frogs
  3 komodo dragons
  A yaktaur (Volcano)
  4 rime drakes
  2 trolls
  Prince Ribbit (D:8)
  Grinder (D:6)
  12 yaks
  2 basilisks (Lair:4)
  A hungry ghost (D:9)
  7 nagas (Lair:3)
  2 wargs (D:9)
  7 water moccasins
  10 orc warriors
  7 porcupines
  2 black bears
  An ice beast (D:5)
  A phantom (D:9)
  7 centaurs
  6 wolves (Lair:4)
  6 ogres
  7 crocodiles
  A big kobold (D:9)
  6 bullfrogs
  9 killer bees (D:9)
  2 howler monkeys (D:5)
  2 crimson imps
  A bullfrog zombie (D:7)
  A lava snake (Lair:1)
  2 centaur zombies
  6 hounds
  3 bullfrog skeletons
  2 centaur skeletons
  10 orc priests
  A jelly (D:8)
  15 orc wizards
  An iguana (D:9)
  6 worker ants
  A hound zombie (D:5)
  8 adders
  A white imp (D:4)
  An ooze (D:3)
  An adder skeleton (D:5)
  2 adder zombies (D:6)
  6 worms
  A dart slug (D:2)
  4 leopard geckos
  58 orcs
  6 giant cockroaches
  10 goblins
  6 hobgoblins
  14 jackals
  4 quokkas
  2 ball pythons
  7 bats
  9 frilled lizards
  12 kobolds
  A quokka skeleton (D:5)
  11 rats
338 creatures vanquished.

Vanquished Creatures (collateral kills)
  A troll (D:9)
  A water moccasin (D:9)
  An orc warrior (D:9)
  2 orc priests (D:9)
  A jelly (D:9)
  4 orc wizards (D:9)
  An iguana (D:9)
  5 orcs (D:9)
16 creatures vanquished.

Vanquished Creatures (others)
  A centaur (Lair:4)
  2 fungi
3 creatures vanquished.

Grand Total: 357 creatures vanquished

Notes
Turn   | Place    | Note
-------+----------+-------------------------------------------
     0 | D:1      | Curus the Merfolk Gladiator began the quest for the Orb.
     0 | D:1      | Reached XP level 1. HP: 16/16 MP: 1/1
   145 | D:1      | Reached skill level 5 in Polearms
   165 | D:1      | Reached XP level 2. HP: 19/22 MP: 2/2
   413 | D:1      | Reached XP level 3. HP: 27/27 MP: 3/3
   450 | D:1      | Gained mutation: You are clumsy. (Dex -2) [potion of
                  | mutation]
   450 | D:1      | Gained mutation: You have a pair of small horns on your
                  | head. [potion of mutation]
   450 | D:1      | Gained mutation: You are dopey. (Int -2) [potion of
                  | mutation]
   450 | D:1      | Lost mutation: You are clumsy. (Dex -2) [potion of
                  | mutation]
   867 | D:2      | Found a bloodstained altar of Trog.
   889 | D:2      | Became a worshipper of Trog the Wrathful
   977 | D:2      | Reached XP level 4. HP: 33/33 MP: 4/4
  1496 | D:3      | Reached * piety under Trog
  1813 | D:4      | Noticed an ogre
  1819 | D:4      | Killed an ogre
  1819 | D:4      | Reached XP level 5. HP: 18/38 MP: 5/5
  1933 | D:4      | Reached XP level 6. HP: 22/44 MP: 6/6
  2014 | D:4      | You fall into a shaft and drop 1 floor!
  2014 | D:5      | Entered Level 5 of the Dungeon
  2014 | D:5      | Found Hokua's Distillery.
  2022 | D:5      | Noticed an ice beast
  2033 | D:5      | Killed an ice beast
  2033 | D:5      | Reached skill level 10 in Polearms
  2080 | D:5      | Found a staircase to the Ecumenical Temple.
  2089 | D:5      | Reached XP level 7. HP: 18/50 MP: 7/7
  2311 | D:5      | Bought a potion of might for 52 gold pieces
  2311 | D:5      | Bought 2 potions of curing for 78 gold pieces
  2633 | D:4      | Found a hazy altar of Hepliaklqana.
  3170 | D:4      | Reached XP level 8. HP: 56/56 MP: 8/8
  3418 | D:5      | Reached ** piety under Trog
  3837 | D:6      | Noticed Grinder
  3849 | D:6      | Killed Grinder
  4335 | D:7      | Reached skill level 5 in Dodging
  4575 | D:7      | Reached skill level 6 in Dodging
  4752 | D:7      | Reached XP level 9. HP: 65/65 MP: 9/9
  5099 | D:7      | Reached skill level 5 in Fighting
  5149 | D:7      | Reached skill level 7 in Dodging
  5336 | D:7      | Lost mutation: You are dopey. (Int -2) [potion of mutation]
  5336 | D:7      | Lost mutation: You have a pair of small horns on your head.
                  | [potion of mutation]
  5336 | D:7      | Gained mutation: Scrolls take you a little longer to read.
                  | [potion of mutation]
  5336 | D:7      | Gained mutation: You are partially covered in thin metallic
                  | scales. (AC +2) [potion of mutation]
  5336 | D:7      | Gained mutation: You are surrounded by a mild repulsion
                  | field. (EV +2) [potion of mutation]
  5419 | D:8      | Reached *** piety under Trog
  5434 | D:8      | Noticed Prince Ribbit
  5464 | D:8      | Noticed Joseph
  5471 | D:8      | Killed Prince Ribbit
  5484 | D:8      | Reached skill level 8 in Dodging
  5504 | D:8      | Killed Joseph
  5587 | D:8      | Found a shimmering altar of Xom.
  5589 | D:8      | Found a runed translucent door.
  5621 | D:8      | Noticed Harold
  5641 | D:8      | Killed Harold
  5641 | D:8      | Reached skill level 10 in Dodging
  5641 | D:8      | Reached XP level 10. HP: 43/80 MP: 6/10
  5690 | D:8      | Found a blossoming altar of Fedhas.
  5691 | D:8      | Found an ornate altar of the Wu Jian Council.
  5693 | D:8      | Found a snail-covered altar of Cheibriados.
  5693 | D:8      | Found a burning altar of Makhleb.
  6015 | D:8      | Reached **** piety under Trog
  6240 | D:8      | Found a roughly hewn altar of Beogh.
  6352 | D:9      | Found a roughly hewn altar of Beogh.
  6352 | D:9      | Found a staircase to the Orcish Mines.
  6353 | D:9      | Noticed a five-headed hydra
  6738 | D:9      | Reached skill level 11 in Dodging
  7322 | D:9      | Reached skill level 12 in Dodging
  7323 | D:9      | Reached skill level 10 in Fighting
  7371 | D:9      | Reached XP level 11. HP: 66/91 MP: 8/11
  7374 | D:9      | Reached ***** piety under Trog
  7442 | D:9      | Found a staircase to the Lair.
  7449 | Lair:1   | Entered Level 1 of the Lair of Beasts
  7516 | Lair:1   | Reached skill level 1 in Evocations
  8124 | Lair:1   | Received a gift from Trog
  8774 | Lair:2   | Reached skill level 13 in Dodging
  9395 | Lair:3   | Noticed a seven-headed hydra
  9408 | Lair:3   | Killed a seven-headed hydra
  9408 | Lair:3   | Received a gift from Trog
  9505 | Lair:3   | Reached skill level 14 in Dodging
  9536 | Lair:3   | Reached XP level 12. HP: 66/102 MP: 11/15
  9612 | Lair:3   | Found a staircase to the Snake Pit.
 10166 | Lair:4   | Noticed Fifowuza's ghost (journeyman DrTm)
 10194 | Lair:4   | Found a runed translucent gate.
 10194 | Lair:4   | Found a runed translucent gate.
 10194 | Lair:4   | Found a runed translucent gate.
 10196 | Lair:4   | Noticed a four-headed hydra
 10221 | Lair:4   | Killed a four-headed hydra
 10250 | Lair:4   | Found a dark tunnel.
 10260 | Volcano  | Entered a volcano
 10279 | Volcano  | Noticed a centaur warrior
 10302 | Volcano  | Killed a centaur warrior
 10304 | Volcano  | Reached skill level 15 in Dodging
 10379 | Volcano  | Noticed a red draconian
 10412 | Volcano  | Killed a red draconian
 10847 | Lair:4   | Found a staircase to the Shoals.
 11314 | Lair:4   | Received a gift from Trog
 11784 | Lair:4   | Slain by a seven-headed hydra simulacrum

Levels and vault maps discovered:
D:1:      dpeg_arrival_lava_temple_mockup, layout_basic
D:2:      layout_rooms, old_standard_altar, roderic_roman_lattice,
          guppyfry_early_lair_pool
D:3:      layout_basic, st_stairs_10
D:4:      layout_loops_corners, lemuel_crystal_altar, first_ration,
          minmay_fire_ice_demons
D:5:      layout_rooms, minmay_temple_entry_steel_oval, serial_shops, shop,
          hangedman_decor_points
D:6:      layout_basic, minmay_misc_feat_chi, uniq_grinder
D:7:      layout_loops_ring, grunt_ogre_cave
D:8:      layout_rooms, chequers_temple_overflow_statue_of_worship,
          lemuel_crystal_altar, lightli_church_of_beogh, uniq_joseph,
          uniq_harold, uniq_prince_ribbit1
D:9:      layout_grid_maze, erik_lair_orcish_takeover, david_orc_5
Lair:1:   layout_gridlike
Lair:2:   layout_chaotic_city
Lair:3:   layout_regular_city, minmay_snake_entry_guardpost_medium
Lair:4:   layout_cave_pods, minmay_shoals_entry_centaurs,
          nicolae_volcano_entry_two_sided, gammafunk_ghost_icy

Skill      XL: |  1  2  3  4  5  6  7  8  9 10 11 12 |
---------------+-------------------------------------+-----
Polearms       | 5 6 8 9 10 12 14 | 14.0
Fighting       | 4 8 10 11 13 | 13.4
Dodging        | 6 10 12 14 15 | 15.8
Evocations     | 4 |  4.6
Throwing       | |  2.0

Action                   |  1- 3 |  4- 6 |  7- 9 | 10-12 || total
-------------------------+-------+-------+-------+-------++-------
Melee: Trident           |   122 |   119 |   361 |  1220 ||  1822
       Headbutt          |     7 |    21 |    45 |       ||    73
Invok: Berserk           |       |     1 |     3 |    10 ||    14
       Trog's Hand       |       |       |       |     3 ||     3
       Brothers in Arms  |       |       |       |     1 ||     1
Evoke: Wand              |       |       |       |     1 ||     1
  Use: Scroll            |     5 |     2 |     2 |    10 ||    19
       Potion            |     3 |     1 |     5 |     5 ||    14
 Stab: Sleeping          |     3 |     2 |     8 |     3 ||    16
       Distracted        |       |       |       |     2 ||     2
  Eat: Chunk             |       |     5 |    12 |    25 ||    42
       Ration            |       |       |     1 |     2 ||     3
Armor: Leather armour    |    19 |    20 |    29 |    16 ||    84
       Skin              |    23 |       |       |       ||    23
       Troll leather arm |       |       |       |    95 ||    95
Dodge: Dodged            |    64 |    40 |   119 |   960 ||  1183
       Deflected         |       |       |       |     1 ||     1
Block: Other             |       |       |       |    46 ||    46
       Reflection        |       |       |       |     5 ||     5
